 Dungeon Crawl Stone Soup version 0.30-a0-172-gc5509c9e31 (webtiles) character file.

Game seed: 12719109890750585871

303 Sobieck the Digger (level 6, -2/32 HPs)
             Began as a Kobold Earth Elementalist on Oct 1, 2022.
             Killed from afar by an orc wizard (6 damage)
             ... with a magic dart
             ... on level 4 of the Dungeon.
             The game lasted 00:07:27 (3699 turns).

Sobieck the Digger (Kobold Earth Elementalist)      Turns: 3699, Time: 00:07:27

Health: -2/32      AC:  7    Str:  8    XL:     6   Next: 66%
Magic:  8/11       EV: 15    Int: 16    God:
Gold:   153        SH:  0    Dex: 20    Spells: 6/12 levels left

rFire   . . .      SeeInvis .    h - +0 dagger {short}
rCold   . . .      Faith    .    (no shield)
rNeg    . . .      Spirit   .    a - +0 robe
rPois   .          Reflect  .    (no helmet)
rElec   .          Harm     .    q - +0 cloak
rCorr   .          Rampage  .    (no gloves)
Will    .....                    (no boots)
Stlth   ++++......               m - amulet of magic regeneration {@e2}
HPRegen 0.25/turn                c - ring "Ligich" {Wiz Str+2 Dex+3}
MPRegen 0.52/turn                j - +4 ring of protection

@: lethally poisoned (-2 -> -12)
A: small, no large weapons, nightstalker 3
a: no special abilities


You were on level 4 of the Dungeon.
You visited 1 branch of the dungeon, and saw 4 of its levels.

You collected 153 gold pieces.


Innate Abilities, Weirdness & Mutations

You are small and have problems with some larger weapons.
You are completely attuned to the shadows.


   Skills:
 - Level 2.4 Dodging
 + Level 4.8 Stealth
 + Level 3.5 Spellcasting
 + Level 2.4 Conjurations
 - Level 1.0 Transmutations
 * Level 4.9 Earth Magic


You had 6 spell levels left.
You knew the following spells:

 Your Spells              Type           Power      Damage    Failure   Level
a - Sandblast             Erth           36%        2d10      1%          1
b - Passwall              Tmut/Erth      10%        N/A       3%          2
c - Stone Arrow           Conj/Erth      28%        3d8       4%          3

Your spell library contained the following spells:

 Spells                   Type           Power      Damage    Failure   Level
 Magic Dart               Conj           40%        1d5       2%          1
 Searing Ray              Conj           20%        2d5       4%          2
 Freeze                   Ice            8%         1d3       8%          1
 Cigotuvi's Dreadful Rot  Necr/Pois/Air  4%         N/A       11%         2
 Hailstorm                Conj/Ice       6%         3d4       13%         3
 Frozen Ramparts          Ice            4%         1d1       21%         3
 Petrify                  Tmut/Erth      12%        N/A       21%         4
 Fulminant Prism          Conj/Hex       3%         3d6       38%         4
 Dispel Undead            Necr           2%         3d7       54%         4
 Death Channel            Necr           1%         N/A       100%        6

Inventory:

Hand Weapons
 f - a +0 club {mace}
   (You took it off a goblin on level 1 of the Dungeon)
 h - a +0 dagger (weapon) {short}
   (You took it off a kobold on level 1 of the Dungeon)
 i - a +3 trident {polearm}
   (You found it on level 1 of the Dungeon)
 F - the +4 whip of Inconvenience {flame, rPois rF+ rC-, mace}
   (You found it on level 3 of the Dungeon)

   It burns those it strikes, dealing additional fire damage.
   rF:        It protects you from fire.
   rC:        It makes you vulnerable to cold.
   rPois:     It protects you from poison.
Missiles
 d - 10 stones {throwing}
Armour
 a - a +0 robe (worn)
 o - a +0 robe
   (You found it on level 1 of the Dungeon)
 q - a +0 cloak (worn)
   (You found it on level 1 of the Dungeon)
 t - a +0 ring mail
   (You took it off a goblin on level 2 of the Dungeon)
 u - a +0 robe
   (You found it on level 2 of the Dungeon)
 v - +0 steam dragon scales
   (You found it on level 4 of the Dungeon)
 w - the +3 leather armour of the Slorg {Slay+2}
   (You found it on level 2 of the Dungeon)

   Slay:      It affects your accuracy & damage with ranged weapons and melee
   (+2).
 y - a +0 leather armour
   (You took it off an orc on level 3 of the Dungeon)
 B - a +0 chain mail
   (You found it on level 3 of the Dungeon)
 D - a +0 ring mail
   (You found it on level 3 of the Dungeon)
 E - a +0 chain mail
   (You took it off an orc on level 3 of the Dungeon)
Jewellery
 c - the ring "Ligich" (left hand) {Wiz Str+2 Dex+3}
   (You acquired it on level 4 of the Dungeon)

   [ring of wizardry]

   It improves your spell success rate.
   Str:       It affects your strength (+2).
   Dex:       It affects your dexterity (+3).
 g - a +6 ring of strength
   (You took it off a goblin on level 1 of the Dungeon)
 j - a +4 ring of protection (right hand)
   (You found it on level 1 of the Dungeon)
 m - an amulet of magic regeneration (around neck) {@e2}
   (You found it on level 1 of the Dungeon)
 n - an amulet of the acrobat
   (You found it on level 1 of the Dungeon)
 p - a ring of fire
   (You found it on level 1 of the Dungeon)
Wands
 G - a wand of charming (11)
   (You found it on level 3 of the Dungeon)
Scrolls
 A - a scroll of teleportation {@r4}
Potions
 b - 2 potions of magic
 e - a potion of mutation {unknown}
 k - 3 potions of curing {@q1}
 l - a potion of resistance {unknown}
 r - a potion of cancellation
 s - 2 potions of brilliance
 z - a potion of attraction {unknown}
 C - a potion of invisibility {unknown}

Dungeon Overview and Level Annotations

Branches:
Dungeon (4/15) Zot: 20260
 Temple: D:4-7

Altars:
Vehumet .D ###..............# 'o'

#.#...#.#.#....#
...###.##.........##.
.P.'.#.###.......###.
...'.#.###.#####.# #.
.P.).).##..# #.# #.
...#...##.## #.# #.
'''#){....# #.# ..
#@....## #.# #....##
#.# #.†.## #.# ##.##
#####.###.
#.######.........
#........##......
###########.##### #.#
#.#


There were no monsters in sight!


Message History

You start resting.
Unknown command. v - +0 steam dragon scales You see here a steam dragon corpse.
Unknown command.
Unknown command.
Unknown command.
A hound comes into view.
Danger!
The blast of sand hits the hound!
The hound barks!
You hear a shout!
The orc shouts!
The blast of sand hits the hound!
You kill the hound!
The orc throws a boomerang.
The boomerang hits you but does no damage.
An orc wizard comes into view. It is wielding a +0 dagger of venom.
Unknown command.
The blast of sand hits the orc but does no damage.
The orc wizard casts a spell at you. The puff of flame hits you!
You are too injured to fight recklessly!
You are too injured to fight recklessly!
Unknown command.
You are too injured to fight recklessly!
Unknown command.
Casting: Sandblast (safe; 1% risk of failure)
Confirm with . or Enter, or press ? or * to list all spells.
Aiming: Sandblast (safe; 1% risk of failure)
Press: ? - help, Shift-Dir - straight line, f/p - orc
Aim: an orc, wielding a +0 whip, wearing a +0 chain mail and quivering boomerangs (87% to hit)
The blast of sand hits the orc.
The orc throws a boomerang.
The boomerang hits you.
* * * LOW HITPOINT WARNING * * *
Casting: Sandblast (safe; 1% risk of failure)
Confirm with . or Enter, or press ? or * to list all spells.
Aiming: Sandblast (safe; 1% risk of failure)
Press: ? - help, Shift-Dir - straight line, f/p - orc
Aim: an orc, wielding a +0 whip, wearing a +0 chain mail and quivering boomerangs (heavily wounded, 87% to hit)
The blast of sand hits the orc wizard.
Casting: Sandblast (safe; 1% risk of failure)
Confirm with . or Enter, or press ? or * to list all spells.
Aiming: Sandblast (safe; 1% risk of failure)
Press: ? - help, Shift-Dir - straight line, f/p - orc
Aim: an orc, wielding a +0 whip, wearing a +0 chain mail and quivering boomerangs (heavily wounded, 87% to hit)
The blast of sand hits the orc.
The orc wizard gestures wildly while chanting.
The orc wizard flickers and vanishes!
Deactivating autopickup; reactivate with Ctrl-A.
The orc closely misses you.
Casting: Sandblast (safe; 1% risk of failure)
Confirm with . or Enter, or press ? or * to list all spells.
Aiming: Sandblast (safe; 1% risk of failure)
Press: ? - help, Shift-Dir - straight line, f/p - orc
Aim: an orc, wielding a +0 whip, wearing a +0 chain mail and quivering boomerangs (heavily wounded, 87% to hit)
The blast of sand hits the orc.
You hear some strange, mumbled words.
A magic dart appears from out of thin air!
The magic dart hits you.
* * * LOW HITPOINT WARNING * * *
The orc hits you with a +0 whip.
* * * LOW HITPOINT WARNING * * *
Casting: Sandblast (safe; 1% risk of failure)
Confirm with . or Enter, or press ? or * to list all spells.
Aiming: Sandblast (safe; 1% risk of failure)
Press: ? - help, Shift-Dir - straight line, f/p - orc
Aim: an orc, wielding a +0 whip, wearing a +0 chain mail and quivering boomerangs (severely wounded, 87% to hit)
The blast of sand hits the orc.
You kill the orc!
Something barely misses you. x2
Casting: Sandblast (safe; 1% risk of failure)
Confirm with . or Enter, or press ? or * to list all spells.
Aiming: Sandblast (safe; 1% risk of failure)
Press: ? - help, Shift-Dir - straight line The blast of sand hits something.
Something barely misses you.
Casting: Sandblast (safe; 1% risk of failure)
Confirm with . or Enter, or press ? or * to list all spells.
Aiming: Sandblast (safe; 1% risk of failure)
Press: ? - help, Shift-Dir - straight line Something hits you but does no damage.
You are poisoned.
Something barely misses you.
Unknown command.
Casting: Sandblast (safe; 1% risk of failure)
Confirm with . or Enter, or press ? or * to list all spells.
Aiming: Sandblast (safe; 1% risk of failure)
Press: ? - help, Shift-Dir - straight line You feel very sick.
Something hits you but does no damage.
You are lethally poisoned!
Casting: Sandblast (safe; 1% risk of failure)
Confirm with . or Enter, or press ? or * to list all spells.
Aiming: Sandblast (safe; 1% risk of failure)
Press: ? - help, Shift-Dir - straight line The blast of sand hits something.
* * * LOW HITPOINT WARNING * * *
You feel very sick.
You hear some strange, mumbled words.
A magic dart appears from out of thin air!
The magic dart hits you.
You die...

Skill      XL: |  1  2  3  4  5 |
---------------+----------------+-----
Stealth        | 3 4 |  4.8
Conjurations   | 1 2 |  2.4
Earth Magic    | 4 |  4.9
Spellcasting   | 3 |  3.5
Dodging        | |  2.4
Transmutations | |  1.0

Action                   |  1- 3 |  4- 6 || total
-------------------------+-------+-------++-------
Melee: Unarmed           |     3 |       ||     3
       Dagger            |    11 |    20 ||    31
 Cast: Sandblast         |    33 |    48 ||    81
       Stone Arrow       |       |     3 ||     3
  Use: Scroll            |       |     8 ||     8
 Stab: Sleeping          |    10 |    15 ||    25
Armor: Robe              |     4 |     7 ||    11
Dodge: Dodged            |     7 |    15 ||    22

Levels and vault maps discovered:
D:1:      minmay_arrival_nine_rooms, layout_loops_ring,
          shapermc_ecumenical_altar_venn, minivault_23,
          corexii_leaking_fountain, feat_on_display
D:2:      layout_loops_corners
D:3:      layout_loops_corners
D:4:      layout_loops_ring, nicolae_vehumet_radiance,
          mainiacjoe_overflow_big_doors, temple_green

Notes
Turn   | Place    | Note
-------+----------+-------------------------------------------
     0 | D:1      | Sobieck the Kobold Earth Elementalist began the quest for
                  | the Orb.
     0 | D:1      | Reached XP level 1. HP: 10/10 MP: 3/3
   297 | D:1      | Reached XP level 2. HP: 15/15 MP: 1/5
   300 | D:1      | Learned a level 2 spell: Passwall
   310 | D:1      | Reached skill level 3 in Stealth
   589 | D:1      | Found a faded altar of an unknown god.
   617 | D:1      | Reached XP level 3. HP: 19/19 MP: 4/6
  1122 | D:1      | Reached skill level 1 in Conjurations
  1498 | D:2      | Reached XP level 4. HP: 11/24 MP: 6/8
  1726 | D:2      | Learned a level 3 spell: Stone Arrow
  1913 | D:2      | Identified the +3 leather armour of the Slorg {Slay+2}
  2051 | D:2      | You pick up a book of Conjurations {@e2} and begin
                  | reading...
  2051 | D:2      | You add the spells Magic Dart, Searing Ray and Fulminant
                  | Prism to your library.
  2214 | D:2      | Reached skill level 4 in Earth Magic
  2355 | D:3      | You pick up a book of Frost and begin reading...
  2355 | D:3      | You add the spells Freeze, Frozen Ramparts and Hailstorm to
                  | your library.
  2426 | D:3      | Reached XP level 5. HP: 28/28 MP: 9/9
  2490 | D:3      | Reached skill level 3 in Spellcasting
  2851 | D:3      | Reached skill level 4 in Stealth
  2969 | D:3      | You pick up a book of Decay and begin reading...
  2969 | D:3      | You add the spells Cigotuvi's Dreadful Rot, Dispel Undead
                  | and Death Channel to your library.
  3086 | D:3      | Identified the +4 whip of Inconvenience {flame, rPois rF+
                  | rC-}
  3314 | D:4      | Identified a scroll of acquirement
  3314 | D:4      | Acquired the ring "Ligich" {Wiz Str+2 Dex+3}
  3437 | D:4      | Found a radiant altar of Vehumet.
  3544 | D:4      | Noticed a steam dragon
  3572 | D:4      | HP: 7/28 [steam dragon] (6)]
  3574 | D:4      | Killed a steam dragon
  3575 | D:4      | Reached skill level 2 in Conjurations
  3575 | D:4      | Reached XP level 6. HP: 5/32 MP: 0/11
  3699 | D:4      | HP: 4/32 [poisoned by an orc wizard]
  3699 | D:4      | Killed from afar by an orc wizard

Vanquished Creatures
  A steam dragon (D:4)
  A hound (D:4)
  4 gnolls (D:2)
  An adder (D:2)
  2 dart slugs
  8 orcs
  6 bats
  5 endoplasms
  3 giant cockroaches
  5 goblins
  7 hobgoblins
  9 jackals
  4 quokkas
  10 ball pythons
  3 frilled lizards
  2 kobolds (D:1)
  2 rats
73 creatures vanquished.

Vanquished Creatures (others)
  A plant (D:4)
1 creature vanquished.

Grand Total: 74 creatures vanquished

Table legend:
 A = Non-vault XP
 B = Vault XP
 C = Vault XP percentage of total XP
 D = Non-vault monster count
 E = Vault monster count
 F = Vault count percentage of total count
                 A         B        C        D         E       F
            +---------+---------+-------+---------+---------+-------
      Total |     434 |       0 |   0.0 |      73 |       0 |   0.0
            +---------+---------+-------+---------+---------+-------
        D:1 |      43 |       0 |   0.0 |      23 |       0 |   0.0
        D:2 |      91 |       0 |   0.0 |      18 |       0 |   0.0
        D:3 |      44 |       0 |   0.0 |      20 |       0 |   0.0
        D:4 |     256 |       0 |   0.0 |      12 |       0 |   0.0
            +---------+---------+-------+---------+---------+-------

Illustrated notes

Table legend:
 A = Kills in this place as a percentage of kills in entire the game.
 B = Kills by you in this place as a percentage of kills by you in the entire game.
 C = Kills by friends in this place as a percentage of kills by friends in the entire game.
 D = Other kills in this place as a percentage of other kills in the entire game.
 E = Experience gained in this place as a percentage of experience gained in the entire game.
 F = Experience gained in this place divided by the number of levels of this place that you have seen.
                   A       B       C       D       E      F
               +-------+-------+-------+-------+-------+----------------------
         Total | 100.0 | 100.0 |   N/A |   N/A | 100.0 | 108.5
       Dungeon | 100.0 | 100.0 |   N/A |   N/A | 100.0 | 108.5
               +-------+-------+-------+-------+-------+----------------------

Table legend: (Time is in decaauts)
 A = Elapsed time spent in this place.
 B = Non-inter-level travel time spent in this place.
 C = Inter-level travel time spent in this place.
 D = Time resting spent in this place.
 E = Time spent auto-exploring this place.
 F = Levels seen in this place.
 G = Mean time per level.
                   A        B        C        D        E       F      G
               +--------+--------+--------+--------+--------+-----+--------+
         Total |   3737 |   3573 |    164 |    268 |   2814 |   4 |  934.2 |
       Dungeon |   3737 |   3573 |    164 |    268 |   2814 |   4 |  934.2 |
               +--------+--------+--------+--------+--------+-----+--------+

Top non-repeatable levels by time:
     D:1: 1242 daAuts
     D:2: 1110 daAuts
     D:3: 1023 daAuts
     D:4: 361 daAuts
